 Dungeon Crawl Stone Soup version 0.30-a0-651-g0755cc6dcf (webtiles) character file.

Game seed: 16562306851431256050

83 M4edhros the Charlatan (level 4, -2/29 HPs)
             Began as an Octopode Artificer on Jan 17, 2023.
             Slain by an ogre
             ... wielding a +0 giant club
              (19 damage)
             ... on level 4 of the Dungeon on Jan 18, 2023.
             The game lasted 00:01:41 (943 turns).

M4edhros the Charlatan (Octopode Artificer)          Turns: 943, Time: 00:01:41

Health: -2/29      AC:  1    Str: 11    XL:     4   Next: 44%
Magic:  4/4        EV: 14    Int: 13    God:
Gold:   81         SH:  0    Dex: 14    Spells: 3/3 levels left

rFire   . . .      SeeInvis .    (no weapon)
rCold   . . .      Faith    .    (no shield)
rNeg    . . .      Spirit   .    (helmet restricted)
rPois   .          Reflect  .    (no amulet)
rElec   .          Harm     .    n - ring of wizardry
rCorr   .          Rampage  .    (no ring)
Will    .....                    (no ring)
Stlth   +++                      (no ring)
HPRegen 0.24/turn                (no ring)
MPRegen 0.09/turn                (no ring)
                                 (no ring)
                                 (no ring)

@: no status effects
A: almost no armour, amphibious, 8 rings, camouflage 1, gelatinous body 1,
(nimble swimmer 1), tentacles
a: no special abilities


You were on level 4 of the Dungeon.
You visited 1 branch of the dungeon, and saw 4 of its levels.

You collected 81 gold pieces.

Inventory:

Jewellery
 n - a ring of wizardry (left tentacle)
Wands
 b - a wand of flame (5) (quivered)
 c - a wand of charming (14)
 d - a wand of iceblast (4)
Scrolls
 e - a scroll of enchant weapon {unknown}
 f - a scroll of poison {unknown}
 h - a scroll of immolation {unknown}
 i - a scroll of fear {unknown}
 j - a scroll of brand weapon {unknown}
 k - 2 scrolls of teleportation {unknown}
 m - 2 scrolls of vulnerability {unknown}
 o - a scroll of amnesia {unknown}
Potions
 a - 2 potions of curing {unknown}
 g - a potion of flight {unknown}
 l - a potion of haste {unknown}


   Skills:
 + Level 2.1 Fighting
 + Level 3.1 Dodging
 + Level 3.1 Stealth
 + Level 4.0 Evocations


You had 3 spell levels left.
You didn't know any spells.
Your spell library contained the following spells:

 Spells                   Type           Power      Damage    Failure   Level
 Kindle Blastsparks       Fire/Tloc/Air  0%         2d10      34%         3
 Fulminant Prism          Conj/Hex       0%         3d5       73%         4
 Iskenderun's Mystic Bla  Conj/Tloc      0%         2d3       73%         4
 Lee's Rapid Deconstruct  Erth           0%         3d4*      96%         5


Dungeon Overview and Level Annotations

Branches:
Dungeon (4/15)
 Temple: D:4-7

Altars:


Innate Abilities, Weirdness & Mutations

You cannot wear most types of armour.
You are amphibious.
You can wear up to eight rings at the same time.
Your skin changes colour to match your surroundings (Stealth+).
Your rubbery body absorbs attacks. (AC +1, EV +1)
((You are camouflaged when in or above water. (Stealth+)))
You have tentacles for arms and can constrict up to eight enemies at once.


Message History

An endoplasm is nearby!
An endoplasm is nearby!
Found a robe.
An ogre comes into view. It is wielding a +0 giant club.
The helpless endoplasm fails to defend itself.
You tentacle-slap the endoplasm but do no damage.
You squeeze the endoplasm.
The endoplasm is heavily wounded.
The ogre shouts!
The endoplasm hits you.
You tentacle-slap the endoplasm but do no damage.
You squeeze the endoplasm, but do no damage.
The endoplasm is heavily wounded.
The endoplasm misses you.
You tentacle-slap the endoplasm.
The endoplasm is almost dead.
The endoplasm hits you.
Aiming: Iceblast
Press: ? - help, Shift-Dir - straight line The mass of ice explodes!
The iceblast engulfs the ogre!
The ogre is heavily wounded.
The iceblast engulfs the endoplasm!!
You kill the endoplasm!
You hear a shout!
You hear an angry hiss.
A goblin comes into view. It is wielding a +0 club.
Aiming: Throw Flame
Press: ? - help, Shift-Dir - straight line, f - ogre
Aim: an ogre, wielding a +0 giant club (heavily wounded, 86% to hit)
The puff of flame hits the ogre.
The ogre is heavily wounded.
The ogre hits you with a +0 giant club!
An adder comes into view.
Aiming: Throw Flame
Press: ? - help, Shift-Dir - straight line, f - ogre
Aim: an ogre, wielding a +0 giant club (heavily wounded, 86% to hit)
The puff of flame hits the ogre.
The ogre is severely wounded.
The ogre hits you with a +0 giant club!!
Ouch! That really hurt!
You die...

###.###.###
..........♣♣♣♣♣♣.
.................
..........♣♣♣♣♣♣.
#...##...........
#... #...........
### #...........
..##...........
.......@.....S.
.......O.......
....[.....##...
..........# ###
..........#
.....g....#
..........#
..........#


You could see an ogre, an adder and a goblin.

Vanquished Creatures
  An iguana (D:4)
  3 adders
  3 dart slugs
  A bat (D:1)
  3 endoplasms
  A giant cockroach (D:1)
  6 goblins
  2 hobgoblins
  A quokka (D:1)
  A frilled lizard (D:1)
  2 rats
24 creatures vanquished.

Vanquished Creatures (others)
  A frilled lizard (D:1)
  A plant (D:4)
2 creatures vanquished.

Grand Total: 26 creatures vanquished

Notes
Turn   | Place    | Note
-------+----------+-------------------------------------------
     0 | D:1      | M4edhros the Octopode Artificer began the quest for the
                  | Orb.
     0 | D:1      | Reached XP level 1. HP: 13/13 MP: 1/1
   180 | D:1      | Reached XP level 2. HP: 14/18 MP: 2/2
   341 | D:2      | Reached XP level 3. HP: 8/23 MP: 3/3
   732 | D:3      | Found a faded altar of an unknown god.
   781 | D:4      | Reached XP level 4. HP: 14/29 MP: 4/4
   905 | D:4      | Reached skill level 4 in Evocations
   935 | D:4      | Noticed an ogre
   943 | D:4      | Slain by an ogre

Illustrated notes

Levels and vault maps discovered:
D:1:      amcnicky_arrival_wind_blow, layout_basic,
          minmay_misc_feat_four_crosses, minmay_misc_feat_hallway
D:2:      layout_basic, basic_altar, grunt_ministairs_12
D:3:      layout_basic, shapermc_ecumenical_altar_mp_vishouse
D:4:      layout_basic, serial_forest, infiniplex_forest_straight_2,
          infiniplex_forest_clump_double, infiniplex_forest_clump_tiny,
          infiniplex_forest_straight_2, infiniplex_forest_end_2,
          infiniplex_forest_end_double, infiniplex_forest_lined_corner,
          nrook_campfire

Skill      XL: |  1  2  3  4 |
---------------+-------------+-----
Stealth        | 2 3 |  3.1
Fighting       | 2 |  2.1
Dodging        | 3 |  3.1
Evocations     | 4 |  4.0

Action                   |  1- 3 |  4- 6 || total
-------------------------+-------+-------++-------
Melee: Unarmed           |    49 |    14 ||    63
       Tentacles         |    12 |     4 ||    16
       Constrict         |    14 |     3 ||    17
       Punch             |     1 |     1 ||     2
Evoke: Wand              |     9 |     3 ||    12
 Stab: Sleeping          |     6 |     2 ||     8
Armor: Skin              |     4 |       ||     4
Dodge: Dodged            |    29 |     7 ||    36

Table legend: (Time is in decaauts)
 A = Elapsed time spent in this place.
 B = Non-inter-level travel time spent in this place.
 C = Inter-level travel time spent in this place.
 D = Time resting spent in this place.
 E = Time spent auto-exploring this place.
 F = Levels seen in this place.
 G = Mean time per level.
                   A        B        C        D        E       F      G
               +--------+--------+--------+--------+--------+-----+--------+
         Total |    941 |    846 |     95 |     99 |    448 |   4 |  235.2 |
       Dungeon |    941 |    846 |     95 |     99 |    448 |   4 |  235.2 |
               +--------+--------+--------+--------+--------+-----+--------+

Top non-repeatable levels by time:
     D:3: 313 daAuts
     D:1: 282 daAuts
     D:4: 174 daAuts
     D:2: 171 daAuts
